 Dungeon Crawl Stone Soup version 0.18.1-50-g88ac8fd (webtiles) character file.

7 Gargoyl the Skirmisher (level 1, -5/18 HPs)
             Began as a Demonspawn Abyssal Knight on Oct 18, 2016.
             Was a Follower of Lugonu.
             Slain by an efreet
             ... wielding a +3 scimitar of flaming
              (8 damage)
             ... on level 2 of the Abyss.
             The game lasted 00:01:04 (221 turns).

Gargoyl the Skirmisher (Demonspawn Abyssal Knight)   Turns: 221, Time: 00:01:04

Health: -5/18      AC:  3    Str: 12    XL:     1   Next: 83%
Magic:  2/2        EV: 11    Int: 13    God:    Lugonu [*.....]
Gold:   38         SH:  0    Dex: 12    Spells: 0 memorised, 0 levels left

rFire  . . .     SeeInvis .     a - +1 hand axe
rCold  . . .     Gourm    .     b - +0 leather armour
rNeg   . . .     Faith    .     (no shield)
rPois  .         Spirit   .     (no helmet)
rElec  .         Dismiss  .     (no cloak)
rCorr  .         Reflect  .     (no gloves)
SustAt .         Harm     .     (no boots)
MR     .....                    (no amulet)
Stlth  +.........               (no ring)
                                (no ring)

@: not resistant to hostile enchantments, very unstealthy
A: deterioration 1, mutation resistance 1
a: Depart the Abyss, Renounce Religion


You were on level 2 of the Abyss.
You worshipped Lugonu.
Lugonu was aware of your devotion.
You were not hungry.

You visited 0 branches of the dungeon, and saw 0 of its levels.
You visited the Abyss 1 time.

You collected 38 gold pieces.

Inventory:

Hand Weapons
 a - a +1 hand axe (weapon)
Armour
 b - a +0 leather armour (worn)
Scrolls
 d - 2 scrolls of remove curse {unknown}
 e - a scroll of immolation {unknown}
Potions
 f - a potion of curing {unknown}
Comestibles
 c - a bread ration


   Skills:
 + Level 3.4 Fighting
 + Level 1.7 Axes
 + Level 1.7 Armour
 + Level 1.0 Dodging
 + Level 2.5 Invocations


You couldn't memorise any spells.
You didn't know any spells.

Dungeon Overview and Level Annotations

Branches:
Dungeon (0/15)

Altars:


Innate Abilities, Weirdness & Mutations

Your body sometimes deteriorates upon taking damage.
You are somewhat resistant to further mutation.


Message History

Your Dodging skill increases to level 1!
A shining eye comes into view.
A giant orange brain comes into view.
The giant orange brain turns its gaze towards you.
The shining eye gazes at you.
Strange energies course through your body.
You feel yourself wasting away.
The giant orange brain blinks!
The shining eye gazes at you.
Strange energies course through your body.
You feel genetically stable.
A flying skull comes into view.
A small abomination comes into view.
The small abomination moves out of view.
An efreet comes into view. It is wielding a scimitar of flaming.
The efreet gestures at you.
The fireball explodes!
The fireball engulfs you!
* * * LOW HITPOINT WARNING * * *
The efreet hits you with a scimitar of flaming!
You die...

.. # #. .#
..#.## #.
..###
#...§.. x. .
..#§. ...
#R.# ####
....
##@###..#
..#
#.##...###.#
##G....#...#
###.#..#.# #
#.#.#..# #..
#.#.###.# .
.#. #.####
.#..##... .
## #.. # ###
## .#
..##.....#.
#


You could see an efreet.

Vanquished Creatures
  A white imp (Abyss:2)
1 creature vanquished.

Notes
Turn   | Place    | Note
--------------------------------------------------------------
     0 | Abyss:1  | Gargoyl the Demonspawn Abyssal Knight began the quest for the Orb.
     0 | Abyss:1  | Reached XP level 1. HP: 18/18 MP: 2/2
    22 | Abyss:1  | Found a corrupted altar of Lugonu.
    49 | Abyss:1  | Noticed a small abomination
   100 | Abyss:2  | Noticed a green very ugly thing
   104 | Abyss:2  | Noticed a rust devil
   137 | Abyss:2  | Reached skill level 1 in Dodging
   139 | Abyss:2  | Noticed a shining eye
   152 | Abyss:2  | Noticed a giant orange brain
   163 | Abyss:2  | Gained mutation: Your body sometimes deteriorates upon taking damage. [a shining eye]
   170 | Abyss:2  | Gained mutation: You are somewhat resistant to further mutation. [a shining eye]
   186 | Abyss:2  | Noticed a flying skull
   210 | Abyss:2  | Noticed a small abomination
   218 | Abyss:2  | Noticed an efreet
   221 | Abyss:2  | Slain by an efreet

Skill      XL: |  1 |
---------------+----+-----
Dodging        | 1 |  1.0
Fighting       | |  3.4
Axes           | |  1.7
Armour         | |  1.7
Invocations    | |  2.5

Action                   || total
-------------------------++-------
Melee: Hand axe          ||     7
Armor: Leather armour    ||     2
Dodge: Dodged            ||     5
